 Dungeon Crawl Stone Soup version 0.26.1-11-gd32895ea62 (webtiles) character file.

Game seed: 7850537050469098738

136 Descartes the Sneak (level 4, -4/21 HPs)
             Began as a Felid Wanderer on Apr 17, 2021.
             Slain by a centaur
             ... wielding a +0 dagger
              (6 damage)
             ... on level 4 of the Dungeon.
             The game lasted 00:03:16 (2774 turns).

Descartes the Sneak (Felid Wanderer)                Turns: 2774, Time: 00:03:16

Health: -4/21      AC:  1    Str:  9    XL:     4   Next: 98%
Magic:  5/5        EV: 20    Int: 13    God:
Gold:   186        SH:  0    Dex: 15    Spells: 3/3 levels left
                                        Lives:  0   Deaths: 1

rFire    . . .     SeeInvis +     - Unarmed
rCold    . . .     Faith    .   (shield unavailable)
rNeg     . . .     Spirit   .   (armour unavailable)
rPois    .         Reflect  .   (helmet unavailable)
rElec    .         Harm     .   (cloak unavailable)
rCorr    .         Rampage  .   (gloves unavailable)
Will     .....                  (boots unavailable)
Stlth    +++.......             l - amulet of regeneration
HPRegen  0.47/turn              (no ring)
MPRegen  0.09/turn              (no ring)

@: quick
A: very small, no armour, no weapons or thrown items, stealth, claws 1, fangs 3,
see invisible, speed 1, shaggy fur 1, sharp paws
a: no special abilities


You were on level 4 of the Dungeon.
You visited 1 branch of the dungeon, and saw 6 of its levels.

You collected 186 gold pieces.

Inventory:

Jewellery
 l - an amulet of regeneration (around neck)
 n - a +6 ring of dexterity {unknown}
Scrolls
 a - a scroll of fear
 e - 4 scrolls of enchant weapon {unknown}
 g - 2 scrolls of remove curse {unknown}
 h - a scroll of amnesia {unknown}
 j - a scroll of identify {unknown}
 k - 2 scrolls of teleportation {unknown}
 m - a scroll of immolation {unknown}
 o - a scroll of blinking {unknown}
Potions
 b - 4 potions of curing
 c - a potion of lignification
 d - 2 potions of resistance {unknown}
 f - a potion of degeneration {unknown}
 i - a potion of brilliance {unknown}


   Skills:
 + Level 3.2 Fighting
 + Level 5.3 Dodging
 + Level 5.5 Stealth
 + Level 3.2 Unarmed Combat


You had 3 spell levels left.
You didn't know any spells.
Your spell library was empty.

Dungeon Overview and Level Annotations

Branches:
Dungeon (6/15)
 Temple: D:4-7

Altars:
Elyvilon
Nemelex Xobeh
Sif Muna
Wu Jian


Innate Abilities, Weirdness & Mutations

You cannot wear armour.
You are incapable of wielding weapons or throwing items.
Your paws allow you to move quietly. (Stealth)
You have sharp claws.
You have razor-sharp teeth.
You have supernaturally acute eyesight. (SInv)
You cover ground quickly.
You are covered in fur. (AC +1)
Your sharp claws are effective at attacking unaware monsters.


Message History

The centaur barely misses you.
You scratch the centaur. You claw the centaur.
You bite the centaur, but do no damage.
The centaur is heavily wounded.
The centaur closely misses you. x2
You closely miss the centaur. Your bite misses the centaur.
The centaur is heavily wounded.
The centaur hits you with a +0 dagger.
* * * LOW HITPOINT WARNING * * *
You scratch the centaur.
The centaur is severely wounded.
The centaur barely misses you. The centaur hits you with a +0 dagger.
* * * LOW HITPOINT WARNING * * *
You barely miss the centaur.
The centaur is severely wounded.
The centaur barely misses you.
You barely miss the centaur.
The centaur is severely wounded.
The centaur hits you with a +0 dagger.
You die...

.....#
#####.##
...#.# ###.#
.....#######
#...#
.⌠.#........
#.#.#
.....#######
####.###
...#.#
#....#
_....#
#.####
...#.#
#######.###
.....#
#...c@....#
.⌠.#.#
#.#######.#
.....# .#
...#.# ..
.....# #.#
.#.### .#
.#.# .# .#.#
.# ...#


You could see a centaur.

Vanquished Creatures
  2 orc wizards
  A hound skeleton (D:4)
  5 adders
  2 oozes
  7 orcs
  A ball python (D:2)
  10 bats
  4 giant cockroaches
  3 goblins
  5 hobgoblins
  6 kobolds
  A quokka (D:4)
  5 frilled lizards
  13 rats
65 creatures vanquished.

Notes
Turn   | Place    | Note
-------+----------+-------------------------------------------
     0 | D:1      | Descartes the Felid Wanderer began the quest for the Orb.
     0 | D:1      | Descartes set off with the following items: a scroll of
                  | fear, a potion of curing, a potion of lignification
     0 | D:1      | Reached XP level 1. HP: 9/9 MP: 2/2
   611 | D:1      | Reached XP level 2. HP: 13/13 MP: 3/3
  1296 | D:2      | Reached XP level 3. HP: 16/16 MP: 4/4
  1601 | D:2      | Found an ornate altar of the Wu Jian Council.
  2043 | D:2      | Found a shimmering blue altar of Sif Muna.
  2213 | D:3      | Reached XP level 4. HP: 6/20 MP: 5/5
  2233 | D:3      | Slain by an orc
  2234 | D:3      | Reached XP level 3. HP: -2/16 MP: 4/4
  2234 | D:3      | Found a sparkling altar of Nemelex Xobeh.
  2283 | D:3      | Reached skill level 5 in Stealth
  2461 | D:3      | You fall into a shaft and drop 3 floors!
  2534 | D:6      | Reached skill level 5 in Dodging
  2534 | D:6      | Reached XP level 4. HP: 13/20 MP: 5/5
  2550 | D:5      | Entered Level 5 of the Dungeon
  2567 | D:4      | Found a white marble altar of Elyvilon.
  2763 | D:4      | Noticed a centaur
  2772 | D:4      | HP: 1/21 [centaur/+0 dagger (6)]
  2774 | D:4      | Slain by a centaur

Illustrated notes

Levels and vault maps discovered:
D:1:      dpeg_arrival_rhombus, layout_basic, minmay_misc_feat_enclosed
D:2:      layout_loops_ring, nzn_wu_jian_council_hall, lemuel_blue_sif_altar,
          minmay_misc_feat_roman, minmay_pentomino_z4
D:3:      layout_loops_ring, grunt_temple_overflow_forces_of_nature,
          nemelex_xobeh_ov_fountains_minmay, lemuel_doored_altar
D:4:      layout_basic, yredelemnul_altar_generic, elyvilon_altar_5,
          gammafunk_ghost_gnarly_gnolls, kennysheep_generic_room_16
D:5:      minmay_angry_zag, layout_loops_ring, kennysheep_mini, serial_glass,
          glass_columns_a, glass_columns_a, item_on_display_a, feat_on_display,
          minmay_divided_ellipse, uniq_duvessa, uniq_eustachio
D:6:      layout_loops_ring, nicolae_ru_great_annihilating_truth,
          minmay_temple_entry_gardened_gates

Skill      XL: |  1  2  3  4 |
---------------+-------------+-----
Stealth        | 5 |  5.5
Dodging        | 5 |  5.3
Unarmed Combat | 3 |  3.2
Fighting       | 3 |  3.2

Action                   |  1- 3 |  4- 6 || total
-------------------------+-------+-------++-------
Melee: Unarmed           |   160 |    68 ||   228
       Bite              |     8 |     8 ||    16
       Punch             |       |     3 ||     3
 Stab: Sleeping          |    14 |     1 ||    15
Armor: Skin              |    10 |     2 ||    12
Dodge: Dodged            |   150 |    57 ||   207
